 Dungeon Crawl Stone Soup version 0.16.1-14-g82efdee (webtiles) character file.

4471 KarvaRausku the Cleaver (level 10, -24/70 HPs)
             Began as a Human Fighter on Apr 14, 2015.
             Was a Priest of Okawaru.
             Annihilated by a hill giant
             ... wielding a +0 giant club
              (28 damage)
             ... on level 9 of the Dungeon.
             The game lasted 00:23:11 (8522 turns).

KarvaRausku the Cleaver (Human Fighter)             Turns: 8522, Time: 00:23:11

Health: -24/70     AC: 14    Str: 20    XL:     10   Next: 64%
Magic:  10/10      EV:  3    Int:  9    God:    Okawaru [***...]
Gold:   477        SH:  9    Dex: 12    Spells: 0 memorised, 9 levels left

rFire  . . .     SeeInvis +     r - +0 war axe
rCold  + . .     Clarity  .     I - +3 plate armour
rNeg   . . .     SustAb   .     c - +0 shield
rPois  .         Gourm    .     (no helmet)
rElec  .         Spirit   .     (no cloak)
rCorr  .         Warding  .     (no gloves)
rMut   .         Stasis   .     (no boots)
MR     .....                    (no amulet)
Stlth  ..........               A - ring of protection from magic
                                R - ring of Limnaz {rC+ MR- Slay+2 SInv}

@: not resistant to hostile enchantments, extremely unstealthy
A: no striking features
a: Heroism, Renounce Religion


You were on level 9 of the Dungeon.
You worshipped Okawaru.
Okawaru was most pleased with you.
You were near starving.

You visited 2 branches of the dungeon, and saw 10 of its levels.
You also visited: Ossuary.

You collected 477 gold pieces.

Inventory:

Hand weapons
 b - a cursed +2 spear of piercing
 g - a +1 whip of flaming
 r - a +0 war axe (weapon)
 E - a +0 arbalest of flaming
Armour
 a - a +0 buckler
 c - a +0 shield (worn)
 n - a +0 chain mail
 y - a +0 scale mail
 I - a +3 plate armour (worn)
Jewellery
 p - an uncursed ring of fire
 A - a ring of protection from magic (right hand)
 C - an uncursed ring of stealth {unknown}
 L - an uncursed ring of flight
 P - a cursed -2 ring of dexterity {unknown}
 Q - an uncursed ring of protection from fire
 R - the ring of Limnaz (left hand) {rC+ MR- Slay+2 SInv}
   (You found it on level 8 of the Dungeon)

   [ring of see invisible]

   It affects your accuracy and damage with ranged weapons and melee attacks
   (+2).
   It protects you from cold.
   It affects your resistance to hostile enchantments.
   It enhances your eyesight.
Magical devices
 K - a wand of fire (0)
 M - a wand of draining (3)
 N - a wand of flame (3)
Scrolls
 f - 6 scrolls of remove curse
 i - 2 scrolls of noise {unknown}
 o - 2 scrolls of teleportation
 q - a scroll of magic mapping {unknown}
 s - a scroll of immolation
 v - 3 scrolls of recharging {unknown}
 x - 5 scrolls of identify
 B - 2 scrolls of fear {unknown}
 O - 2 scrolls of blinking
Potions
 e - a potion of might
 h - a potion of brilliance {unknown}
 j - a potion of magic {unknown}
 l - 7 potions of curing
 m - a potion of beneficial mutation {unknown}
 t - a potion of flight {unknown}
 w - 3 potions of lignification {unknown}
 z - a potion of cancellation {unknown}
 D - a potion of haste {unknown}
 F - a potion of degeneration {unknown}
 G - 2 potions of agility {unknown}
 H - 2 potions of heal wounds {unknown}
Comestibles
 d - 5 bread rations
 k - 4 meat rations
 u - 2 royal jellies
 J - 2 beef jerkies


   Skills:
 - Level 3.0 Fighting
 + Level 14.3 Axes
 - Level 3.0 Armour
 - Level 3.0 Shields


You had 9 spell levels left.
You didn't know any spells.

Dungeon Overview and Level Annotations

Branches:
Dungeon (9/15)             Temple (1/1) D:5            Lair (0/8) D:9
    Orc: D:9-12

Altars:
Ashenzari
Cheibriados
Dithmenos
Elyvilon
Fedhas
Gozag
Kikubaaqudgha
Makhleb
Nemelex Xobeh
Okawaru
Qazlal
Ru
Sif Muna
Trog
Vehumet
Xom
Yredelemnul
Zin
The Shining One


Message History

The steam dragon barely misses you.
You hit the steam dragon.
The steam dragon is lightly wounded.
The steam dragon bites you.
* * * LOW HITPOINT WARNING * * *
You block the steam dragon's attack.
You closely miss the steam dragon.
The steam dragon is lightly wounded.
The steam dragon bites you.
* * * LOW HITPOINT WARNING * * *
The steam dragon claws you but does no damage.
The orc priest becomes somewhat translucent.
The steam dragon breathes steam at you. The ball of steam hits you!
* * * LOW HITPOINT WARNING * * *
The orc priest prays to Beogh.
You feel troubled.
Your surroundings suddenly seem different.
The hill giant hits you with a giant club!!
You die...

#. #.. #.. #.. # #..#
### ....## #... ..#
......# #...##.####
.......## #........#
#>.###.##
o..........## #.# #.#
..........)># #.
#...o.....#....P..##)#
# ########.
#:......##o#
##.....###.# ##...#
#.# ##.#####.#


You could see a hill giant and an active ballistomycete.

Vanquished Creatures
  Pikel (D:6)
  Grinder (D:6)
  A deep elf mage (D:9)
  A hungry ghost (D:8)
  A hippogriff (D:7)
  3 wargs
  Edmund (D:6)
  A black bear (D:9)
  5 ice beasts
  3 slaves (D:6)
  2 ogres (D:8)
  A centaur (D:9)
  3 big kobolds
  5 giant frogs
  A water moccasin zombie (D:8)
  3 wights (D:7)
  3 killer bees (D:8)
  4 crimson imps
  A centaur zombie (Ossuary)
  2 orc priests
  2 human zombies (Ossuary)
  A centaur skeleton (D:4)
  2 hounds
  An iguana (D:7)
  8 orc wizards
  9 worker ants
  A gnoll shaman (D:8)
  2 big kobold zombies (Ossuary)
  2 killer bee zombies
  A hound skeleton (D:4)
  3 mummies (Ossuary)
  11 adders
  6 gnolls (D:8)
  A giant mite (D:3)
  2 shadow imps (D:6)
  2 worms
  An adder skeleton (D:4)
  5 adder zombies (Ossuary)
  4 giant geckos
  2 oozes
  29 orcs
  A ball python (D:3)
  A bat skeleton (D:7)
  8 goblins
  12 hobgoblins
  27 kobolds
  5 quokkas
  14 bats
  4 giant cockroaches
  A giant gecko skeleton (D:4)
  7 giant newts
  2 giant spores
  4 goblin zombies (Ossuary)
  6 hobgoblin zombies (Ossuary)
  7 jackals
  A jackal skeleton (D:4)
  2 jackal zombies (Ossuary)
  6 kobold zombies (Ossuary)
  4 orc zombies (Ossuary)
  2 quokka zombies (Ossuary)
  16 rats
  A rat zombie (Ossuary)
  4 ballistomycetes (D:8)
273 creatures vanquished.

Vanquished Creatures (others)
  A slave (D:6)
  A wyvern skeleton (D:9)
  A goblin (D:6)
  A giant spore (D:8)
  A ballistomycete (D:8)
5 creatures vanquished.

Grand Total: 278 creatures vanquished

Notes
Turn   | Place    | Note
--------------------------------------------------------------
     0 | D:1      | KarvaRausku, the Human Fighter, began the quest for the Orb.
     0 | D:1      | Reached XP level 1. HP: 18/18 MP: 1/1
   107 | D:1      | Reached XP level 2. HP: 17/24 MP: 2/2
   724 | D:2      | Reached XP level 3. HP: 29/29 MP: 3/3
   885 | D:2      | Reached XP level 4. HP: 21/35 MP: 4/4
  1045 | D:2      | Reached skill level 4 in Axes
  1345 | D:3      | Reached XP level 5. HP: 7/41 MP: 5/5
  1656 | D:3      | Reached skill level 5 in Axes
  2127 | D:4      | Reached XP level 6. HP: 37/47 MP: 6/6
  2134 | D:4      | Reached skill level 6 in Axes
  2197 | D:4      | Found a sand-covered staircase.
  2202 | Ossuary  | Entered an ossuary
  2540 | Ossuary  | Reached skill level 7 in Axes
  2540 | Ossuary  | Reached XP level 7. HP: 33/52 MP: 7/7
  3400 | D:5      | Entered Level 5 of the Dungeon
  3405 | D:5      | Reached skill level 8 in Axes
  3632 | D:5      | Found a staircase to the Ecumenical Temple.
  3675 | Temple   | Entered the Ecumenical Temple
  3763 | Temple   | Became a worshipper of Warmaster Okawaru
  3929 | D:5      | Found a glowing golden altar of the Shining One.
  3971 | D:6      | Noticed Grinder
  4047 | D:6      | Reached XP level 8. HP: 43/58 MP: 8/8
  4102 | D:6      | Noticed Edmund
  4126 | D:6      | Killed Edmund
  4126 | D:6      | Reached skill level 9 in Axes
  4556 | D:6      | Noticed Pikel
  4838 | D:6      | Killed Pikel
  4838 | D:6      | Acquired Okawaru's first power
  4838 | D:6      | Reached skill level 10 in Axes
  4838 | D:6      | Reached XP level 9. HP: 61/63 MP: 9/9
  4933 | D:6      | Reached skill level 11 in Axes
  4964 | D:6      | HP: 3/63 [ice beast (21)]
  5212 | D:6      | Killed Grinder
  5944 | D:7      | Reached skill level 12 in Axes
  6373 | D:7      | Found a shadowy altar of Dithmenos.
  6790 | D:8      | Reached XP level 10. HP: 61/70 MP: 10/10
  7208 | D:8      | Reached skill level 13 in Axes
  7237 | D:8      | Got a glittering ivory ring
  7267 | D:8      | Identified the ring of Limnaz {rC+ MR- Slay+2 SInv} (You found it on level 8 of the Dungeon)
  8200 | D:9      | Noticed a hill giant
  8393 | D:9      | Reached skill level 14 in Axes
  8464 | D:9      | Found a staircase to the Lair.
  8521 | D:9      | HP: 3/70 [steam dragon/ball of steam (16)]
  8522 | D:9      | Annihilated by a hill giant

Action                   |  1- 3 |  4- 6 |  7- 9 | 10-12 || total
-------------------------+-------+-------+-------+-------++-------
Melee: War axe           |   111 |   184 |   414 |   241 ||   950
       Spear             |       |    36 |       |       ||    36
Evoke: Wand              |       |       |     4 |     1 ||     5
  Use: Potion            |       |     1 |     5 |     2 ||     8
       Scroll            |       |       |     7 |     4 ||    11
  Eat: Chunk             |       |     5 |    12 |     5 ||    22
       Beef jerky        |       |       |     1 |       ||     1
       Pizza             |       |       |     1 |       ||     1
